 Dungeon Crawl Stone Soup version 0.22.1-2-g9c5b331 (webtiles) character file.

133 Lauz the Slasher (level 4, -5/38 HPs)
             Began as a Minotaur Gladiator on Dec 3, 2018.
             Was a Follower of Yredelemnul.
             Slain by an orc warrior
             ... wielding a +0 dire flail
              (24 damage)
             ... on level 3 of the Dungeon.
             The game lasted 00:06:32 (3231 turns).

Lauz the Slasher (Minotaur Gladiator)               Turns: 3231, Time: 00:06:33

Health: -5/38      AC:  4    Str: 19    XL:     4   Next: 93%
Magic:  3/3        EV: 13    Int:  5    God:    Yredelemnul [*.....]
Gold:   96         SH:  0    Dex: 12    Spells: 3/3 levels left

rFire    . . .     SeeInvis +   a - +0 long sword
rCold    . . .     Gourm    .   (no shield)
rNeg     . . .     Faith    .   b - +0 leather armour
rPois    .         Spirit   .   c - +0 hat
rElec    .         Reflect  .   q - +0 cloak
rCorr    .         Harm     .   (no gloves)
MR       .....                  (no boots)
Stlth    ++........             (no amulet)
HPRegen  0.12/turn              j - ring of see invisible
MPRegen  0.08/turn              n - ring of stealth

@: no status effects
A: retaliatory headbutt, horns 2
a: Animate Remains, Renounce Religion


You were on level 3 of the Dungeon.
You worshipped Yredelemnul.
Yredelemnul was aware of your devotion.
You were very hungry.

You visited 1 branch of the dungeon, and saw 4 of its levels.

You collected 96 gold pieces.

Inventory:

Hand Weapons
 a - a +0 long sword (weapon)
Missiles
 d - 3 throwing nets (quivered)
Armour
 b - a +0 leather armour (worn)
 c - a +0 hat (worn)
 q - a +0 cloak (worn)
Jewellery
 j - a ring of see invisible (left hand)
 n - a ring of stealth (right hand)
Wands
 t - a wand of digging (8)
Scrolls
 e - a scroll of enchant armour {unknown}
 g - 5 scrolls of identify {unknown}
 h - 3 scrolls of remove curse {unknown}
 i - a scroll of teleportation {unknown}
 m - a scroll of enchant weapon {unknown}
 r - a scroll of random uselessness {unknown}
 s - a scroll of amnesia {unknown}
Potions
 k - a potion of heal wounds {unknown}
 l - 2 potions of curing {unknown}
 o - a potion of agility {unknown}
 p - a potion of degeneration {unknown}
Comestibles
 f - 6 rations


   Skills:
 + Level 3.5 Fighting
 * Level 6.2 Long Blades
 - Level 2.0 Throwing
 - Level 3.2 Dodging
 + Level 0.2 Stealth


You had 3 spell levels left.
You didn't know any spells.
Your spell library was empty.

Dungeon Overview and Level Annotations

Branches:
Dungeon (4/15)
 Temple: D:4-7

Altars:
Ashenzari
Gozag
Uskayaw
Yredelemnul

Annotations:
D:4 Pikel


Innate Abilities, Weirdness & Mutations

You reflexively headbutt those who attack you in melee.
You have a pair of horns on your head.


Message History

The orc warrior barely misses you.
You riposte.
You hit the orc warrior but do no damage.
You headbutt the orc warrior.
The orc warrior is lightly wounded.
Your slave zombie hits the orc warrior.
You closely miss the orc warrior. You headbutt the orc warrior.
The orc warrior is moderately wounded.
The orc warrior hits you with a dire flail!
Your slave zombie hits the orc warrior.
The orc wizard hits you with a dagger.
You closely miss the orc warrior.
The orc warrior is moderately wounded.
The orc warrior closely misses you. You furiously retaliate!
You headbutt the orc warrior. The orc wizard hits you with a dagger.
Your slave zombie barely misses the orc warrior.
You barely miss the orc warrior. Your headbutt misses the orc warrior.
The orc warrior is heavily wounded.
The orc warrior hits you with a dire flail!!
Ouch! That really hurt!
You die...
Your body rises from the dead as a mindless zombie.

.# #.# #...... .####
####.######## #..#.#. ....#
#.......)...########.#...#
....#
#.##.######.##.[.....##.##
(...#
#.##..#####.##.########.#
.#### #!###....##.##.# #.#
.# ###.###.##.##.##o# ###.#
... .w?.....#.oo...#<#
#...## ####
##.(......Z@.#[..# #.##..
#(.###.#......### #o##.#
#..###.#...#.## #.##.#
#.o..........#########.##.#
#.####.#...###.............
#..###.##.## #.#####.#.##.#
#...##.##.####.# #†#.##.#
##.###.........# #.#.##.#
#o##...<......#####.#.##.#


You could see an orc warrior, an orc wizard (invisible) and a friendly slave
zombie.

Vanquished Creatures
  A slave (D:3)
  A hound (D:4)
  An orc priest (D:3)
  An adder (D:3)
  3 worms
  4 leopard geckos
  2 orcs (D:3)
  4 bats
  5 giant cockroaches
  6 goblins
  4 hobgoblins
  4 kobolds
  A ball python (D:2)
  2 frilled lizards
  8 rats
47 creatures vanquished.

Vanquished Creatures (collateral kills)
  A frilled lizard (D:3)
  A kobold (D:3)
2 creatures vanquished.

Grand Total: 49 creatures vanquished

Notes
Turn   | Place    | Note
-------+----------+-------------------------------------------
     0 | D:1      | Lauz the Minotaur Gladiator began the quest for the Orb.
     0 | D:1      | Reached XP level 1. HP: 18/18 MP: 0/0
   215 | D:1      | Reached skill level 4 in Long Blades
   317 | D:1      | Reached XP level 2. HP: 25/25 MP: 1/1
  1111 | D:2      | Found a basalt altar of Yredelemnul.
  1146 | D:2      | Found a hide-covered altar of Uskayaw.
  1193 | D:2      | Became a worshipper of Yredelemnul the Dark
  1312 | D:2      | Reached XP level 3. HP: 30/30 MP: 2/2
  1418 | D:2      | Reached skill level 5 in Long Blades
  2129 | D:3      | Noticed an orc warrior
  2332 | D:3      | Reached XP level 4. HP: 14/38 MP: 3/3
  2571 | D:3      | Found an opulent altar of Gozag.
  2826 | D:3      | Reached * piety under Yredelemnul
  2887 | D:3      | Noticed an ogre
  2945 | D:4      | Reached skill level 6 in Long Blades
  2952 | D:4      | Noticed an ogre
  3032 | D:4      | Found a shattered altar of Ashenzari.
  3050 | D:4      | Noticed a slave
  3051 | D:4      | Noticed Pikel
  3051 | D:4      | Noticed a slave
  3067 | D:3      | Killed a slave
  3231 | D:3      | Slain by an orc warrior

Skill      XL: |  1  2  3  4 |
---------------+-------------+-----
Long Blades    | 4 5 6 |  6.2
Fighting       | 3 |  3.5
Throwing       | |  2.0
Dodging        | |  3.2
Stealth        | |  0.2

Action                   |  1- 3 |  4- 6 || total
-------------------------+-------+-------++-------
Melee: Long sword        |    85 |    32 ||   117
       Headbutt          |    11 |     7 ||    18
Invok: Animate Remains   |       |     1 ||     1
  Eat: Chunk             |     2 |     1 ||     3
       Ration            |     1 |       ||     1
Armor: Leather armour    |    19 |     3 ||    22
Dodge: Dodged            |    46 |    22 ||    68
       Rpst.: Long sword |    10 |     5 ||    15
